 Dungeon Crawl Stone Soup version 0.25.1-2-g60ff931df9 (webtiles) character file.

Game seed: 4210243198083364382

228 hawla the Slasher (level 5, -5/47 HPs)
             Began as a Minotaur Fighter on Oct 23, 2020.
             Splashed by Ijyb's acid (12 damage)
             ... on level 3 of the Dungeon.
             The game lasted 00:04:05 (1594 turns).

hawla the Slasher (Minotaur Fighter)                Turns: 1594, Time: 00:04:06

Health: -5/47      AC: -1    Str: 28    XL:     5   Next: 70%
Magic:  4/4        EV: 12    Int:  5    God:
Gold:   122        SH:  0    Dex:  9    Spells: 4/4 levels left

rFire    . . .     SeeInvis .   c - +4 dagger
rCold    . . .     Gourm    .   (no shield)
rNeg     . . .     Faith    .   (no armour)
rPois    .         Spirit   .   (helmet restricted)
rElec    .         Reflect  .   (no cloak)
rCorr    .         Harm     .   l - +1 pair of gloves (curse)
MR       .....                  (no boots)
Stlth    +.........             (no amulet)
HPRegen  0.15/turn              i - +6 ring of strength
MPRegen  0.09/turn              (no ring)

@: corroded
A: retaliatory headbutt, horns 2
a: no special abilities


You were on level 3 of the Dungeon.
You were not hungry.

You visited 1 branch of the dungeon, and saw 3 of its levels.

You collected 122 gold pieces.

Inventory:

Hand Weapons
 a - a +0 long sword
 c - a +4 dagger (weapon)
Missiles
 o - 5 javelins (quivered)
Armour
 b - a +0 scale mail
 g - a +0 ring mail
 l - a cursed +1 pair of gloves (worn)
Jewellery
 i - a +6 ring of strength (left hand)
Wands
 q - a wand of acid (5)
Scrolls
 j - 3 scrolls of teleportation
Potions
 d - 2 potions of might
 e - a potion of haste
 h - 2 potions of curing {unknown}
 k - 2 potions of ambrosia
 m - a potion of flight {unknown}
 n - 2 potions of stabbing {unknown}
Comestibles
 f - 5 rations
 p - 3 chunks of flesh


   Skills:
 + Level 4.5 Fighting
 + Level 0.3(2.7) Short Blades
 + Level 4.8(4.9) Long Blades
 + Level 4.4 Armour
 * Level 2.4 Dodging
 * Level 1.3 Stealth
   Level 3.6 Shields


You had 4 spell levels left.
You didn't know any spells.
Your spell library was empty.

Dungeon Overview and Level Annotations

Branches:
Dungeon (3/15)

Altars:
Sif Muna
Trog
Wu Jian

Annotations:
D:3 Ijyb


Innate Abilities, Weirdness & Mutations

You reflexively headbutt those who attack you in melee.
You have a pair of horns on your head.


Message History

q - a wand of acid (5) Ijyb the Twisted Goblin comes into view.
She is wielding a +0 club and carrying a wand of acid (5).
Ijyb screams, "Die!"
Ijyb screams, "No!
No, no, no, no!"
Ijyb zaps a wand.
The bolt of acid misses you.
You closely miss Ijyb. Your headbutt misses Ijyb. Ijyb barely misses you.
You barely miss Ijyb. Your headbutt misses Ijyb.
Ijyb zaps a wand.
The bolt of acid hits you! The acid corrodes you!
You are splashed with acid!
You hit Ijyb.
Ijyb is lightly wounded.
You hit Ijyb but do no damage.
Ijyb is lightly wounded.
Ijyb grins evilly.
Ijyb closely misses you.
You hit Ijyb but do no damage. You headbutt Ijyb.
Ijyb is moderately wounded.
Ijyb zaps a wand.
The bolt of acid hits you!!
* * * LOW HITPOINT WARNING * * *
You are splashed with acid!
You die...

### ### .....# ..# ......
#.# .# #.# #.# .# #.# #.#
.###.###### #.#########
(รท).>.....####...g......
.###............@#
.)........##.#...#
.###.####.##.#...##
.##...# #..........#
.##...# ####.#...#.#
.##...# #.#...#.# .##..##
#.#...# # .##..# #.#...#
. #..# #.# .#


You could see Ijyb.

Vanquished Creatures
  Sigmund (D:3)
  3 gnolls (D:2)
  2 worms (D:2)
  A dart slug (D:1)
  A ball python (D:2)
  5 giant cockroaches
  5 hobgoblins
  2 jackals (D:1)
  2 quokkas
  3 bats
  A frilled lizard (D:1)
  4 goblins
  4 kobolds
  8 rats
42 creatures vanquished.

Notes
Turn   | Place    | Note
-------+----------+-------------------------------------------
     0 | D:1      | hawla the Minotaur Fighter began the quest for the Orb.
     0 | D:1      | Reached XP level 1. HP: 19/19 MP: 0/0
   124 | D:1      | Reached skill level 1 in Dodging
   124 | D:1      | Reached XP level 2. HP: 26/26 MP: 1/1
   802 | D:2      | Found a bloodstained altar of Trog.
   961 | D:2      | Reached XP level 3. HP: 33/33 MP: 2/2
  1067 | D:2      | Reached XP level 4. HP: 31/40 MP: 3/3
  1415 | D:3      | Found an ornate altar of the Wu Jian Council.
  1416 | D:3      | Found a shimmering blue altar of Sif Muna.
  1507 | D:3      | Noticed Sigmund
  1517 | D:3      | Killed Sigmund
  1517 | D:3      | Reached skill level 1 in Stealth
  1517 | D:3      | Reached XP level 5. HP: 42/47 MP: 4/4
  1586 | D:3      | Noticed Ijyb
  1594 | D:3      | Splashed by Ijyb's acid

Illustrated notes

Levels and vault maps discovered:
D:1:      grunt_arrival_crossed_arrows, layout_basic
D:2:      layout_basic, bloody_trog, first_ration
D:3:      layout_loops_ring, chequers_temple_overflow_statue_of_worship,
          uniq_sigmund, uniq_crazy_yiuf_cottage, uniq_ijyb

Skill      XL: |  1  2  3  4 |
---------------+-------------+-----
Dodging        | 1 2 |  2.4
Long Blades    | 3 4 |  4.8
Armour         | 4 |  4.4
Fighting       | 4 |  4.5
Stealth        | 1 |  1.3
Short Blades   | |  0.3
Shields        | |  3.6

Action                   |  1- 3 |  4- 6 || total
-------------------------+-------+-------++-------
Melee: Long sword        |    57 |     3 ||    60
       Headbutt          |     8 |     3 ||    11
       Dagger            |       |    21 ||    21
  Use: Scroll            |     3 |     2 ||     5
  Eat: Chunk             |       |     2 ||     2
Armor: Scale mail        |    19 |       ||    19
       Skin              |     1 |       ||     1
Dodge: Dodged            |    28 |    21 ||    49
Block: Kite shield       |     5 |       ||     5
       Rpst.: Long sword |    10 |     1 ||    11
